 Dungeon Crawl Stone Soup version 0.15-a0-187-g0bb430c (webtiles) character file.

10748 PolkaDot the Cloud Mage (level 11, -5/75 (78) HPs)
             Began as a Vampire Ice Elementalist on Apr 21, 2014.
             Was an Elder of Vehumet.
             Killed from afar by casual's ghost (43 damage)
             ... with a lance of force
             ... on Level 3 of the Lair of Beasts.
             The game lasted 01:00:57 (11284 turns).

PolkaDot the Cloud Mage (Vampire Ice Elementalist) Turns: 11284, Time: 01:00:59

HP  -5/75 (78)   AC  6     Str  7      XL: 11   Next: 29%
MP   0/33        EV 12     Int 22      God: Vehumet [****..]
Gold 815         SH  0     Dex 14      Spells:  6 memorised,  1 level left

rFire  . . .     SeeInvis +     s - staff of power
rCold  . . .     Clarity  +     a - +0 robe
rNeg   + . .     Conserve .     (no shield)
rPois  .         rCorr    .     y - +0 helmet
rElec  .         rRot     .     E - +2 cloak
SustAb . .       Spirit   .     (no gloves)
rMut   .         Warding  .     (no boots)
Saprov . . .     Stasis   .     o - amulet of clarity
MR     +....                    c - ring of wizardry
                                m - +2 ring of intelligence

@: somewhat resistant to hostile enchantments, stealthy
A: bottle blood, fangs 3, see invisible, unbreathing
a: Bat Form, Bottle Blood, Renounce Religion


You were on level 3 of the Lair of Beasts.
You worshipped Vehumet.
Vehumet was greatly pleased with you.
You were not thirsty.

You visited 3 branches of the dungeon, and saw 14 of its levels.
You also visited: Bailey and Volcano.

You collected 815 gold pieces.

Inventory:

Armour
 a - a +0 robe (worn)
 n - a troll hide
 y - a +0 helmet (worn)
 E - a +2 cloak (worn)
Magical devices
 f - a wand of cold (2) {unknown}
 A - a wand of teleportation (7)
Scrolls
 b - a scroll of torment {unknown}
 d - 2 scrolls of teleportation
 g - a scroll of fear
 h - 2 scrolls of blinking
 l - 2 scrolls of fog
 r - 2 scrolls of remove curse
Jewellery
 c - a ring of wizardry (right hand)
 i - an uncursed ring of protection from magic
 m - a +2 ring of intelligence (left hand)
 o - an amulet of clarity (around neck)
 q - a +6 ring of protection
 M - an uncursed ring of poison resistance {unknown}
Potions
 p - 3 potions of restore abilities
 u - 2 potions of heal wounds
 B - 2 potions of brilliance
 C - a potion of haste
 F - 4 potions of curing
 H - a potion of invisibility
Magical staves
 s - an uncursed staff of power (weapon)


   Skills:
 - Level 4.4 Fighting
   Level 4.0 Short Blades
 - Level 2.1 Dodging
 - Level 3.0 Stealth
 + Level 3.6 Spellcasting
 - Level 6.6 Conjurations
 * Level 10.6 Ice Magic
 * Level 11.1 Air Magic


You had one spell level left.
You knew the following spells:

 Your Spells              Type           Power        Failure   Level  Hunger
a - Freeze                Ice            ####         1%          1    None
b - Repel Missiles        Chrm/Air       ####..       1%          2    #......
q - Blink                 Tloc           N/A          9%          2    #......
s - Static Discharge      Conj/Air       #####...     1%          3    ###....
z - Throw Icicle          Conj/Ice       #####...     1%          4    ####...
A - Airstrike             Air            ######....   1%          4    ####...


Dungeon Overview and Level Annotations

Branches:
Dungeon (10/15)            Temple (1/1) D:4            Lair (3/8) D:10
    Orc: D:9-12       Swamp: Lair:3-6    Shoals: Lair:3-6     Snake: Lair:3-6
 Spider: Lair:3-6

Altars:
Ashenzari
Cheibriados
Dithmenos
Elyvilon
Fedhas
Kikubaaqudgha
Makhleb
Nemelex Xobeh
Okawaru
Sif Muna
Trog
Vehumet
Xom
Yredelemnul
Zin
The Shining One

Annotations:
D:8 exclusion: 2 oklob saplings
Lair:3 casual's ghost, powerful VSCj


Innate Abilities, Weirdness & Mutations

You can bottle blood from corpses.
You have razor-sharp teeth.*
You have supernaturally acute eyesight.
You can survive without breathing.*


Message History

Vehumet accepts your kill.
You feel your power returning. Casual's ghost casts a spell at you.
The spray of energy hits you!
Casting: Throw Icicle
Confirm with . or Enter, or press ? or * to list all spells.
Aiming: Airstrike
Press: ? - help, Dir - move target cursor, f/p - casual's ghost
Aim: casual's ghost (almost destroyed, moving very quickly)
The air twists around and violently strikes casual's ghost!
Casual's ghost is almost destroyed.
* * * LOW MAGIC WARNING * * *
Casual's ghost hits you but does no damage.
You hit casual's ghost but do no damage.
Casual's ghost is almost destroyed.
Casual's ghost hits you but does no damage.
Casual's ghost points at you and mumbles some strange words.
The lance of force hits you!
Ouch! That really hurt!
You die...

#### ## ##### ##P.#######
##P##
.##.###.........##....P#
..#..................(..
........................
.....P.#.................
.......##.##.f^.@........
....###########..p.......
...## #......... ..(f#
#f........ ...##
.........[ ..##
#......... .## ##.......
.# ....... .## .#....


You could see casual's ghost.

Vanquished Creatures
  A hill giant (D:10)
  2 spiny frogs
  A fire drake (D:10)
  An item mimic (Lair:1)
  5 wandering mushrooms
  A troll (D:9)
  A flying skull (Volcano)
  A wyvern (D:9)
  3 hippogriffs
  2 hungry ghosts
  A wraith (D:10)
  Menkaure (D:6)
  3 necrophages
  2 porcupines
  A giant goldfish (D:10)
  A phantom (D:6)
  An orc warrior (D:6)
  2 sky beasts
  3 centaurs
  2 black bears
  4 ogres
  3 crocodiles
  A big kobold (D:8)
  2 giant slugs
  6 giant frogs
  2 scorpions
  3 goliath beetles
  9 killer bees
  5 crimson imps
  3 jellies
  Crazy Yiuf (D:5)
  4 orc priests
  6 hounds
  4 iguanas
  3 orc wizards
  3 worker ants
  Natasha (twice) (D:5)
  Jessica (D:2)
  A sky beast zombie (D:6)
  A hound skeleton (D:9)
  2 mummies
  An orc zombie (D:6)
  10 adders
  3 shadow imps
  A white imp (D:5)
  An inept feature mimic (D:4)
  3 giant mites
  2 worms
  2 adder skeletons
  2 giant eyeballs
  7 giant geckos
  An ooze (D:5)
  23 orcs
  A bat zombie (D:5)
  4 giant cockroaches
  17 goblins
  14 hobgoblins
  25 kobolds
  6 quokkas
  A ball python (D:3)
  13 bats
  A giant gecko skeleton (D:9)
  3 giant newts
  A giant spore (D:8)
  12 jackals
  A quokka zombie (D:7)
  14 rats
  A rat skeleton (D:4)
  A ballistomycete (D:8)
  2 bushes (Lair:1)
  3 butterflies (D:4)
277 creatures vanquished.

Vanquished Creatures (others)
  A scorpion (D:5)
  A worker ant (D:5)
  An adder (D:5)
  A worm (D:2)
  A hobgoblin (D:4)
  A quokka (D:2)
  A giant cockroach (D:5)
  A fungus (D:10)
8 creatures vanquished.

Grand Total: 285 creatures vanquished

Notes
Turn   | Place    | Note
--------------------------------------------------------------
     0 | D:1      | PolkaDot, the Vampire Ice Elementalist, began the quest for the Orb.
     0 | D:1      | Reached XP level 1. HP: 13/13 MP: 3/3
   247 | D:1      | Reached XP level 2. HP: 14/19 MP: 2/4
   765 | D:1      | Reached skill level 4 in Ice Magic
   782 | D:2      | Reached XP level 3. HP: 25/25 MP: 6/6
   827 | D:2      | Reached skill level 1 in Fighting
   975 | D:2      | Found a bloodstained altar of Trog.
  1071 | D:2      | Noticed Jessica
  1076 | D:2      | Killed Jessica
  1076 | D:2      | Reached XP level 4. HP: 32/32 MP: 7/7
  1180 | D:2      | Found a sparkling altar of Nemelex Xobeh.
  1641 | D:3      | Reached skill level 5 in Ice Magic
  1756 | D:3      | Found a shadowy altar of Dithmenos.
  1851 | D:3      | Reached XP level 5. HP: 25/38 MP: 5/9
  2061 | D:4      | Found a staircase to the Ecumenical Temple.
  2076 | Temple   | Entered the Ecumenical Temple
  2126 | Temple   | Became a worshipper of Vehumet
  2300 | D:4      | Found a white marble altar of Elyvilon.
  2835 | D:5      | Entered Level 5 of the Dungeon
  2918 | D:5      | Reached XP level 6. HP: 40/47 MP: 10/10
  3006 | D:5      | Noticed Natasha
  3071 | D:5      | Paralysed by a giant eyeball for 2 turns
  3114 | D:5      | Found a blossoming altar of Fedhas.
  3147 | D:5      | Killed Natasha
  3160 | D:5      | Noticed Crazy Yiuf
  3173 | D:5      | Killed Crazy Yiuf
  3442 | D:5      | Learned a level 4 spell: Throw Icicle
  3558 | D:5      | Reached skill level 1 in Short Blades
  3673 | D:5      | Noticed Natasha
  3679 | D:5      | Killed Natasha
  3679 | D:5      | Acquired Vehumet's first power
  3679 | D:5      | Offered knowledge of Shock by Vehumet.
  3682 | D:5      | Learned a level 1 spell: Shock
  3697 | D:5      | Reached XP level 7. HP: 55/55 MP: 8/12
  3831 | D:6      | Reached skill level 1 in Conjurations
  3831 | D:6      | Reached skill level 6 in Ice Magic
  3831 | D:6      | Reached skill level 1 in Air Magic
  4090 | D:6      | Noticed Menkaure
  4108 | D:6      | Reached skill level 7 in Ice Magic
  4125 | D:6      | Reached XP level 8. HP: 35/58 MP: 7/13
  4143 | D:6      | Killed Menkaure
  4622 | D:7      | Found a flagged portal.
  4634 | Bailey   | Entered a bailey
  4687 | Bailey   | Offered knowledge of Sting by Vehumet.
  4789 | Bailey   | Learned a level 1 spell: Sting
  4895 | Bailey   | Found a bloodstained altar of Trog.
  4895 | Bailey   | Noticed an orc knight
  4922 | Bailey   | Reached skill level 5 in Conjurations
  4922 | Bailey   | Reached skill level 10 in Air Magic
  4922 | Bailey   | Reached XP level 9. HP: 8/63 MP: 14/14
  5794 | D:8      | Found an iron altar of Okawaru.
  6049 | D:8      | Offered knowledge of Static Discharge by Vehumet.
  6177 | D:8      | Reached XP level 10. HP: 43/70 MP: 8/16
  6506 | D:8      | Found a blossoming altar of Fedhas.
  7064 | D:8      | Acquired Vehumet's second power
  7197 | D:8      | Learned a level 3 spell: Static Discharge
  7910 | D:9      | Offered knowledge of Airstrike by Vehumet.
  8132 | D:10     | Entered Level 10 of the Dungeon
  8140 | D:10     | Found a staircase to the Lair.
  8495 | D:10     | Learned a level 4 spell: Airstrike
  8887 | D:10     | Noticed a hill giant
  8894 | D:10     | Killed a hill giant
  8894 | D:10     | Reached skill level 10 in Ice Magic
  9142 | D:10     | Reached XP level 11. HP: 42/75 MP: 10/18
  9431 | Lair:1   | Entered Level 1 of the Lair of Beasts
  9478 | Lair:1   | Acquired Vehumet's third power
  9888 | Lair:1   | Learned a level 2 spell: Blink
  9891 | Lair:1   | Learned a level 2 spell: Repel Missiles
 10075 | Lair:1   | Offered knowledge of Force Lance by Vehumet.
 10502 | Lair:2   | Found a dark tunnel.
 10529 | Volcano  | Entered a volcano
 10565 | Volcano  | Reached skill level 11 in Air Magic
 11128 | Lair:3   | Noticed casual's ghost (powerful VSCj)
 11284 | Lair:3   | Killed from afar by casual's ghost

Action                   |  1- 3 |  4- 6 |  7- 9 | 10-12 || total
-------------------------+-------+-------+-------+-------++-------
Melee: Dagger            |   100 |   153 |       |       ||   253
       Cutlass           |       |     2 |   246 |    37 ||   285
       Staff             |       |       |       |    58 ||    58
 Cast: Freeze            |    15 |    20 |    84 |   118 ||   237
       Throw Icicle      |       |       |    20 |    95 ||   115
       Sting             |       |       |     2 |       ||     2
       Static Discharge  |       |       |       |    29 ||    29
       Airstrike         |       |       |       |    11 ||    11
Evoke: Wand              |       |     3 |     2 |       ||     5
  Use: Scroll            |     2 |    10 |    12 |    14 ||    38
       Potion            |     1 |     2 |    13 |       ||    16
 Stab: Sleeping          |     2 |    13 |     7 |     3 ||    25
